AoeStats
← old f1sh

Arena

509596955Analyzed
1v1 RM · 5d ago on Sep 27, 2026· 32m 10s· 2 players
Game mode
Random Map
Map size
Tiny (2 player)
Population
200
Speed
Normal
Resources
Standard
Victory
Conquest
Starting age
Dark Age
Ending age
Imperial Age
RankedLock teamsTeams togetherTeam positionsShared explorationLock speedFull tech treeHidden civsTurbo modeCheats
Victory
Defeat
🇮🇳 Saracens · India
1714
+13
🇨🇳 Jurchens · China
1654
-13
old f1sh
10:49 Feudal Age
11:33 Double-Bit Axe
14:29 Castle Age
21:12 Loom
22:03 Wheelbarrow
25:45 Fletching
25:27 Light Cavalry
27:59 Guard Tower
28:48 Bodkin Arrow
33:01 Imperial Age
33:07 Imperial Age
31:48 Fortified Bastions
Yo Yo
10:32 Feudal Age
9:18 Loom
14:28 Castle Age
15:57 Pikeman
18:06 Sanctity
18:22 Atonement
20:23 Gold Mining
21:28 Redemption
27:47 Imperial Age
28:44 Block Printing
29:06 Theocracy
28:56 Illumination
28:44 Fervor
31:14 Fletching
Connection lost

Rejoining the realm…

Still unreachable

The connection could not be restored.

Session expired

The server has moved on; the page needs a fresh start.